[Event "Marcel Invitational Chess-ch 2022"]
[Site "Dhaka"]
[Date "2022.04.19"]
[Round "1.1"]
[White "Mohammad Minhaz Uddin"]
[Black "Uddin, Saif"]
[Result "1-0"]
[ECO "B06"]
[WhiteElo "2267"]
[BlackElo "1943"]
[Annotator "TA"]
[PlyCount "79"]
[EventDate "2022.04.18"]
[EventCountry "BAN"]
[SourceTitle "playchess.com"]
[Source "ChessBase"]
[SourceQuality "1"]
[TimeControl "5400+30"]

1. e4 d6 2. d4 g6 3. Nc3 Bg7 4. g3 Nc6 5. d5 Nb8 6. Nge2 {[%emt 0:00:54] B06: Modern Defence.} Nf6 7. Bg2 c6 8. h3 {[%emt 0:01:59] White is slightly better.} O-O 9. O-O Qc7 {[%emt 0:02:13] [#]} 10. Bg5 $146 ({Predecessor:} 10. Be3 Nbd7 11. b3 cxd5 12. exd5 a6 13. Qd2 Re8 14. a4 b6 15. Rad1 Bb7 16. Nb1 {1-0 (41) Hedke,F (2320)-Kauschmann,H (2220) Germany 1993}) 10... h6 11. Be3 Kh7 12. Qd2 Nbd7 13. b3 cxd5 14. exd5 a6 15. Nd4 Nb6 16. a4 Bd7 17. a5 Nc8 18. Na4 e5 19. Ne2 Ng8 20. Ra2 f5 21. f4 e4 22. c4 Nf6 23. Rc1 Qd8 24. Qb4 Rb8 25. Nb6 Be8 26. Nd4 Nxb6 {[%emt 0:03:40] [#]} (26... Rf7 $16) 27. Ne6 $1 $18 (27. Qxb6 Qxb6 28. axb6 Bf7 $11) (27. axb6 Bf7 $11) 27... Nbxd5 28. cxd5 Qe7 (28... Nxd5 $2 29. Qd2 Qf6 30. Nxf8+ Qxf8 31. Qxd5 $18) 29. Rc7 $36 {[%emt 0:02:03][%mdl 2112] Skewer. Black is under strong pressure. 0x0.0017ad110bf2dp-1022s more active pieces. The black rooks are badly placed.} (29. Nxf8+ $6 Qxf8 30. Rd2 Bf7 $14) 29... Bd7 30. Nxf8+ Bxf8 {[%emt 0:00:05] [#]} (30... Qxf8 $16 {was worth a try.} 31. Rd2 (31. Rxb7 Bb5 $11) 31... Bb5) 31. Rd2 $1 {[%emt 0:01:23] Threatens to win with Bf1.} ({And not} 31. Rxb7 Nxd5 32. Rxb8 Nxb4 33. Rxb4 d5 $11) 31... Bg7 $2 (31... Qd8 32. Bb6 (32. Rxb7 Rxb7 33. Qxb7 Qxa5 $16) 32... h5) 32. Bf1 g5 33. fxg5 hxg5 34. Bxg5 Kg6 35. h4 Bh6 36. Bxf6 Kxf6 37. Qd4+ (37. Rf2 $142) 37... Kf7 $2 (37... Qe5 {is a better chance.}) 38. Rf2 {[%emt 0:00:46] Bh3 is the strong threat.} Kg6 39. h5+ Kg5 40. Qe3+ {[%emt 0:23:44] Weighted Error Value: White=0.12 (very precise) /Black=0.56} 1-0

[Event "Marcel Invitational Chess-ch 2022"]
[Site "Dhaka"]
[Date "2022.04.19"]
[Round "1.2"]
[White "Asif, Mahmud"]
[Black "Anata, Choudhury"]
[Result "0-1"]
[ECO "D38"]
[WhiteElo "1928"]
[BlackElo "2170"]
[Annotator "TA"]
[PlyCount "46"]
[EventDate "2022.04.18"]
[EventCountry "BAN"]
[SourceTitle "playchess.com"]
[Source "ChessBase"]
[SourceQuality "1"]
[TimeControl "5400+30"]

1. d4 Nf6 2. c4 e6 3. Nf3 d5 4. Nc3 Bb4 5. Bg5 h6 6. Bxf6 Qxf6 7. Qb3 Nc6 {[%emt 0:01:01] D38: Queen's Gambit Declined: Ragozin Defence (4 Nf3 Bb4).} 8. e3 a5 {[%emt 0:25:24][%cal Ba7a5,Ba5a4][%mdl 32] [#]} 9. cxd5 $146 ({Predecessor:} 9. a3 a4 10. Qc2 Bxc3+ 11. Qxc3 O-O 12. Be2 Re8 13. O-O dxc4 14. Qxc4 e5 15. d5 {½-½ (42) Girya,O (2440)-Gorbatov,A (2369) Moscow 2012}) 9... a4 $1 {[%emt 0:00:15][%mdl 64] Deflection. The position is equal.} 10. Qc2 (10. Qc4 exd5 11. Qd3 (11. Qxd5 $2 a3 $19) 11... Bf5 $15) 10... exd5 11. a3 Bxc3+ 12. Qxc3 O-O 13. Bb5 Bg4 14. Bxc6 (14. Nd2 $11) 14... Bxf3 $17 ({Resist} 14... bxc6 15. Ne5 Bf5 16. Qxc6 $16 (16. Nxc6 Qg5 $14)) (14... Qxc6 15. Qxc6 bxc6 16. Ne5 $16) 15. gxf3 bxc6 ({Don't play} 15... Qxf3 $6 16. Bxd5 Qxd5 17. O-O-O $11) 16. f4 Rfb8 17. O-O-O Rb3 18. Qc5 Rb5 19. Qc3 {[%emt 0:00:39] [#]} (19. Qc2 {only move.}) 19... Rab8 $1 $19 {[%emt 0:01:03][%cal Oc6c5] ...c5! is the strong threat.} 20. Rd2 c5 $1 {[%emt 0:01:32] White must now prevent ...c4.} 21. Rg1 $2 {[%emt 0:03:00] [#]} (21. Kb1 $17) 21... c4 $1 {[%emt 0:01:12] And now ...Rb3 would win. Black is clearly winning.} 22. Rg3 Rb3 23. Qa5 c3 {[%emt 0:00:43] Weighted Error Value: White=0.97/Black=0.02 (flawless)} 0-1

[Event "Marcel Invitational Chess-ch 2022"]
[Site "Dhaka"]
[Date "2022.04.19"]
[Round "1.3"]
[White "Islam, Khandaker Aminul"]
[Black "Hossain, Delwar"]
[Result "1-0"]
[ECO "B00"]
[WhiteElo "2153"]
[BlackElo "1977"]
[Annotator "TA"]
[PlyCount "71"]
[EventDate "2022.04.18"]
[EventCountry "BAN"]
[SourceTitle "playchess.com"]
[Source "ChessBase"]
[SourceQuality "1"]
[TimeControl "5400+30"]

1. d4 e5 2. dxe5 Nc6 3. e4 Nxe5 4. f4 Nc6 5. Nf3 Bc5 6. Bc4 {[%emt 0:02:04][%cal Oc4f7] Hoping for Bxf7+! B00: Queen's Fianchetto Defence, Nimzowitsch Defence.} d6 (6... Nf6 $5 ) 7. Nc3 a6 {[%emt 0:03:22] [#]} 8. Qd3 $146 {[%emt 0:06:05] White has an edge.} (8. Qd5 $2 Be6 9. Qd3 Nb4 $19) ({Predecessor:} 8. Qe2 Bg4 9. Be3 Bxe3 10. Qxe3 Nge7 11. O-O O-O 12. Rad1 Bxf3 13. Qxf3 Kh8 14. e5 {1-0 (34) Ambartsumova,K (2382)-Christensen,T (2154) Chess.com INT 2021}) 8... Nf6 9. a3 $1 O-O 10. Be3 Bxe3 (10... b5 $5 11. Bd5 Nxd5 12. Nxd5 Ne7 $11) 11. Qxe3 b5 12. Bb3 Na5 13. Ba2 Bb7 (13... Be6 $11) 14. O-O {[%emt 0:00:50] &Bianco is more active.} (14. O-O-O $1 $16) 14... Qe7 (14... c5 $11) 15. Rae1 $14 c5 16. Qd2 ({White should play} 16. e5 $14 Ng4 17. Qe2) 16... Qd8 17. e5 dxe5 18. fxe5 Ng4 {[%emt 0:02:54] [#] Black cannot hold the game after this.} (18... Qxd2 $11 {and Black stays safe.} 19. Nxd2 Rad8) 19. Qxd8 $1 $18 Rfxd8 {[%emt 0:00:42] [#]} 20. e6 $1 c4 21. exf7+ Kf8 22. Ng5 Nf6 23. Ne6+ Kxf7 24. Nxd8+ Rxd8 25. Rd1 Rb8 26. Bb1 Kg8 27. Rfe1 Kf8 28. Ne2 c3 29. b3 ({But not} 29. Nxc3 Nc4 30. Ba2 Nxb2 $18) 29... Rc8 30. Rd3 Ne4 31. Ba2 {[%emt 0:01:51] White is clearly winning.} b4 32. axb4 Nc6 33. Nxc3 Nxb4 34. Nxe4 Rxc2 (34... Nxd3 $142 35. cxd3 Rc2) 35. Rf3+ Kg8 36. Bb1 {[%emt 0:00:44] Weighted Error Value: White=0.14 (very precise) /Black=0.45} 1-0

[Event "Marcel Invitational Chess-ch 2022"]
[Site "Dhaka"]
[Date "2022.04.19"]
[Round "1.5"]
[White "Ahmed, Sheikh Nasir"]
[Black "Ahmed, Feroz"]
[Result "1-0"]
[ECO "B13"]
[WhiteElo "2168"]
[BlackElo "1901"]
[Annotator "TA"]
[PlyCount "33"]
[EventDate "2022.04.18"]
[EventCountry "BAN"]
[SourceTitle "playchess.com"]
[Source "ChessBase"]
[SourceQuality "1"]
[TimeControl "5400+30"]

1. e4 d5 2. exd5 Nf6 3. c4 c6 4. d4 cxd5 5. Nc3 Nc6 6. Nf3 Bg4 7. cxd5 Nxd5 8. Qb3 Nb6 9. d5 $1 {[%emt 0:01:56] 9.d5 is better than 9.Be3. B13: Caro-Kann: Exchange Variation and Panov-Botvinnik Attack.} Nb8 {[%emt 0:07:23][%mdl 8192] [#]} (9... Bxf3 $11 {and Black stays safe.} 10. gxf3 Nd4 11. Bb5+ Nd7) 10. Ne5 $146 ({Predecessor:} 10. Be3 f6 11. a4 N8d7 12. Be2 g5 13. O-O Kf7 14. Nxg5+ fxg5 15. Bxg4 h5 16. Be6+ Kg6 17. Qc2+ Kh6 18. Qf5 {1-0 (18) Malygin,A (2194)-Rumyantsev,N (1910) Uljanovsk 2009}) 10... Bc8 11. Nb5 {[%emt 0:07:45][%cal Od5d6,Bc3b5,Bb5a7,Ba7c8,Bc8d6][%mdl 32] aiming for d6! White has a decisive advantage.} (11. d6 Be6 12. Bb5+ N8d7 13. Nxd7 Nxd7 $14) 11... Na6 {[%emt 0:12:24] [#]} (11... f6 $2 {[#]} 12. d6 $1 fxe5 13. Nc7+ Qxc7 14. dxc7 $18) 12. Nxa7 $1 Nc5 (12... e6 13. Bb5+) 13. Qb5+ $40 {[%emt 0:11:24][%mdl 128] White attacks with force.} (13. Bb5+ $142 Nbd7 14. Qc4) 13... Nbd7 14. Nxc8 Ra5 15. Qe2 Nb3 $2 {[%emt 0:01:25] [#]} (15... Qxc8 16. Nc4 (16. b4 Nxe5 17. Qxe5 Nd7 $18) 16... Ra6) 16. Nc4 $1 Nxa1 (16... e6 17. N8d6+) 17. N8d6# {[%emt 0:00:15] Black did not feel at home in the position after the opening.  Weighted Error Value: White=0.46/Black=1.62} 1-0

[Event "Marcel Invitational Chess-ch 2022"]
[Site "Dhaka"]
[Date "2022.04.19"]
[Round "1.6"]
[White "Nurul, Islam Emon"]
[Black "Manon, Reja Neer"]
[Result "0-1"]
[ECO "E97"]
[WhiteElo "1821"]
[BlackElo "2209"]
[Annotator "TA"]
[PlyCount "70"]
[EventDate "2022.04.18"]
[EventCountry "BAN"]
[SourceTitle "playchess.com"]
[Source "ChessBase"]
[SourceQuality "1"]
[TimeControl "5400+30"]

1. d4 Nf6 2. Nf3 g6 3. c4 Bg7 4. Nc3 d6 5. e4 O-O 6. Be2 e5 7. O-O Nc6 8. dxe5 dxe5 9. Bg5 Qxd1 10. Raxd1 Bg4 11. Bxf6 Bxf6 12. Nd5 Bd8 13. h3 {[%emt 0:02:44] E97: King's Indian: Classical Main Line (6...e5 7 0-0 Nc6): 8 Be3 and 8 d5 Ne7, not 9 Ne1.} Bxf3 14. Bxf3 Nd4 15. Rd3 {[%emt 0:01:02] Black is slightly better.} c6 {[%emt 0:00:27] [#]} 16. Ne3 $146 ({Predecessor:} 16. Nc3 Bg5 17. Ne2 Ne6 18. Rd6 Rfd8 19. Rfd1 Kf8 20. b4 Rxd6 21. Rxd6 Ke7 22. c5 {0-1 (41) Babu Odiah,I-L'Ami,A (2345) Dar es Salaam 2013}) 16... Be7 17. Bd1 Rfd8 {[%emt 0:00:35][%cal Od4f3] [#] ...Nf3+! is the strong threat. &Nero is more active.} 18. Ng4 f6 19. a3 Ne6 20. Rc3 Rd2 21. b4 a5 22. c5 Nd4 23. Kh2 (23. Ne3 {is a better defense.}) 23... axb4 $19 24. axb4 Ra1 25. Ne3 Rb1 26. Rc4 Kg7 27. g3 (27. Kg1 $142) 27... Rdb2 28. Kg2 Rxb4 29. Rc3 Rb5 30. Ba4 Rxf1 ({Stronger than} 30... Rxc5 31. Rxb1 Rxc3 32. Rxb7 $15) 31. Nxf1 Rxc5 32. Rd3 b5 33. Bd1 Rc1 {[%emt 0:00:17] [#] aiming for ...c5.} 34. Bg4 b4 {[%emt 0:00:15] Strongly threatening ...b3.} 35. Nd2 {[%emt 0:00:49] Prevents b3.} (35. Rd1 $142 Rxd1 36. Bxd1) 35... Rc3 {[%emt 0:00:33] White got outplayed after the opening.  Weighted Error Value: White=0.40/Black=0.05 (flawless)} 0-1

[Event "Marcel Invitational Chess-ch 2022"]
[Site "Dhaka"]
[Date "2022.04.20"]
[Round "2.1"]
[White "Masum, Hossain"]
[Black "Mohammad Minhaz Uddin"]
[Result "1-0"]
[ECO "A87"]
[WhiteElo "2003"]
[BlackElo "2267"]
[Annotator "TA"]
[PlyCount "68"]
[EventDate "2022.04.18"]
[EventCountry "BAN"]
[SourceTitle "playchess.com"]
[Source "ChessBase"]
[SourceQuality "1"]
[TimeControl "5400+30"]

1. Nf3 f5 2. c4 Nf6 3. Nc3 g6 4. g3 Bg7 5. Bg2 O-O 6. O-O d6 7. d4 Qe8 8. b3 e5 9. dxe5 dxe5 10. e3 {[%emt 0:00:01] A87: Dutch Defence: Leningrad System: 5 Nf3.} (10. e4 $11) 10... e4 $15 11. Nd4 {[%emt 0:00:02] [#]} Rf7 $146 ({Predecessor:} 11... Qe7 12. Qc2 c5 13. Nde2 Nc6 14. a3 Be6 15. Bb2 Rad8 16. Rad1 Bf7 17. Rxd8 Rxd8 {1-0 (56) Hiby,H (1796)-Schaefer,M (1938) Ostseebad Binz 2019}) 12. Bb2 {[%emt 0:00:06] Black is slightly better.} Nbd7 13. Qc2 Ne5 14. Rad1 a6 15. Rd2 c5 16. Nde2 g5 17. Rfd1 Bd7 18. Nd5 Bc6 19. Bxe5 Qxe5 20. Nec3 Re8 21. Nxf6+ Bxf6 22. Nd5 Bg7 23. b4 Bf8 24. a3 Kg7 25. Qb3 Rd8 26. b5 axb5 27. cxb5 Be8 {[%emt 0:03:48] [#]} (27... c4 $14 28. Qxc4 Be8) 28. Nb6 {[%emt 0:20:17] &Bianco is more active.} (28. Nf6 $1 $16 ) 28... Rxd2 $14 29. Rxd2 c4 ({Better is} 29... Qf6 $14 30. Nd5 Qa1+ 31. Bf1 (31. Rd1 c4 $15) 31... Rd7) 30. Nxc4 $16 Qxb5 31. Qc3+ Kg8 (31... Rf6 $16) 32. Rd8 $2 (32. Nd6 $1 $18 Qc6 33. Qxc6 Bxc6 34. Nxf7 Kxf7 35. Ra2) 32... Bg7 (32... Rd7 $1 $11 {keeps the balance.} 33. Rxe8 Rd1+ 34. Bf1 Rxf1+ 35. Kxf1 Qxe8) 33. Qc2 $1 {[%emt 0:13:06] Black must now prevent Nd6.} Qc6 34. g4 (34. Qb3 $1 $16 {Nd6 is the strong threat.} Bf6 35. Rxe8+ $1 Qxe8 36. Nd6) 34... Rf8 {[%emt 0:01:47] Weighted Error Value: White=0.35/Black=0.25 (precise)} ({But not} 34... b5 {[#]} 35. Rxe8+ $1 Qxe8 36. Nd6 $16) (34... Rc7 $1 $11 {remains equal.} 35. Qb3 (35. gxf5 Kf8 $11) 35... Qxc4 36. Qxc4+ Rxc4 37. Rxe8+ Kf7) 1-0

[Event "Marcel Invitational Chess-ch 2022"]
[Site "Dhaka"]
[Date "2022.04.20"]
[Round "2.2"]
[White "Anata, Choudhury"]
[Black "Bhuiyan, Golam Mostafa"]
[Result "1-0"]
[ECO "B90"]
[WhiteElo "2170"]
[BlackElo "2104"]
[Annotator "TA"]
[PlyCount "115"]
[EventDate "2022.04.18"]
[EventCountry "BAN"]
[SourceTitle "playchess.com"]
[Source "ChessBase"]
[SourceQuality "1"]
[TimeControl "5400+30"]

1. e4 c5 2. Nf3 d6 3. d4 cxd4 4. Nxd4 Nf6 5. Nc3 a6 6. h3 e5 {[%emt 0:00:15] 6...e5 scores better than 6...e6.} 7. Nf3 {[%emt 0:00:16] B90: Sicilian Najdorf: Unusual White 6th moves, 6 Be3 Ng4 and 6 Be3 e5.} h6 8. Bc4 Be7 9. O-O {[%emt 0:00:34] The position is equal.} Nc6 10. a4 O-O 11. Qe2 Be6 12. Rd1 {[%emt 0:00:28] [#]} Qc7 $146 ({Predecessor:} 12... Rc8 13. Ba2 Qc7 14. Be3 Nb4 15. Bb3 Bc4 16. Qd2 Qc6 17. Nd5 Nbxd5 18. exd5 Nxd5 19. Bxc4 Nxe3 20. Bxf7+ Rxf7 21. Qxe3 Qxc2 {1-0 (72) Demchenko,A (2651)-Pacheco Lugo,A (2127) Chess.com INT 2021}) 13. Bb3 Na5 14. Nd5 Nxd5 15. Bxd5 Rac8 16. Ne1 Nc4 17. b3 Nb6 18. Bxe6 $1 fxe6 19. c4 Nd7 20. Be3 Nc5 21. Bxc5 dxc5 22. Rd3 Rcd8 23. Rad1 Rxd3 24. Rxd3 Rd8 25. g3 Bf6 26. Kg2 Kf7 27. h4 Rd6 28. h5 (28. Kf3 {is more complex.} Ke7 29. Qd2 Rd4 30. Nc2) 28... Qd7 29. Rxd6 Qxd6 30. Nf3 Ke7 31. Nh2 Qd4 32. Nf3 Qd6 33. Qe3 Kd7 34. Qd2 (34. Qc3 $14) 34... Kc6 ({Better is} 34... Qxd2 $11 35. Nxd2 Bd8) 35. Qxd6+ Kxd6 $14 {[%emt 0:01:28][%mdl 4096] Endgame KB-KN} 36. Ne1 Kc6 (36... Bg5 $11) 37. Nd3 b6 38. Kf3 Kd6 39. Kg4 {[%emt 0:00:50][%cal Oa4a5] Black must now prevent a5!} a5 40. f4 exf4 41. gxf4 Bd4 42. e5+ Ke7 $1 43. f5 (43. Kf3 $11) 43... Bc3 44. Kf4 Bd2+ 45. Ke4 Kf7 $1 46. Nf2 $1 Bg5 47. Nh3 $1 Bd2 $1 48. Ng1 $1 Bc3 49. Ne2 Bd2 50. Ng3 $1 {[%emt 0:00:11] Hoping for fxe6+.} Bc3 $1 51. Nf1 $1 Bd4 $1 52. Nd2 Bc3 53. Nf3 Bb4 {[%emt 0:02:56] [#]} 54. Nh4 $1 {[%emt 0:00:33] Threatens to win with fxe6+.} Bd2 $2 {[%emt 0:00:24][%mdl 8192] [#] This move loses the game for Black.} (54... Bc3 $16 55. Ng6 Bd2 56. Nh8+ Ke7) 55. fxe6+ $1 $18 Kxe6 56. Nf5 Kf7 57. Kd5 g6 58. e6+ {[%emt 0:03:10] Weighted Error Value: White=0.08 (flawless) /Black=0.24 (precise)} 1-0

[Event "Marcel Invitational Chess-ch 2022"]
[Site "Dhaka"]
[Date "2022.04.20"]
[Round "2.3"]
[White "Abu, Hanif"]
[Black "Islam, Khandaker Aminul"]
[Result "1/2-1/2"]
[ECO "A49"]
[WhiteElo "2023"]
[BlackElo "2153"]
[Annotator "TA"]
[PlyCount "93"]
[EventDate "2022.04.18"]
[EventCountry "BAN"]
[SourceTitle "playchess.com"]
[Source "ChessBase"]
[SourceQuality "1"]
[TimeControl "5400+30"]

1. d4 Nf6 2. Nf3 g6 3. g3 Bg7 4. Bg2 d6 5. c3 Nbd7 6. Na3 {[%emt 0:05:05] [#] A49: 1 d4 Nf6 2 Nf3 g6 3 g3: Anti-King's Indian systems.} c5 $146 ({Predecessor:} 6... O-O 7. Nc4 c6 8. b4 Ne4 9. Bb2 d5 10. Na5 c5 11. Nd2 cxb4 12. cxb4 Ndf6 {½-½ (55) Dmitriev,I (2401)-Semenova,I (2236) Voronezh 2011}) 7. Nc2 Rb8 8. a4 {[%emt 0:00:17] The position is equal.} b6 9. O-O Bb7 10. Re1 O-O 11. Nh4 Bxg2 12. Nxg2 Qc7 13. d5 a6 14. e4 b5 15. axb5 axb5 16. Qe2 Rfe8 17. f3 Rb7 18. Bd2 Ne5 19. Kh1 Reb8 20. Nge3 Qc8 21. Kg2 h5 22. Ra5 e6 23. dxe6 $1 Qxe6 24. Rea1 d5 25. exd5 Nxd5 26. Nxd5 Qxd5 27. Bf4 Re8 28. Ra8 Rbe7 29. Rxe8+ Rxe8 30. Re1 Re6 31. Bxe5 Rxe5 32. Qf2 (32. Qxb5 $11 Qd2+ 33. Kf1) 32... Rxe1 $17 33. Nxe1 Qd1 (33... b4 $17 34. cxb4 cxb4) 34. Kf1 $11 c4 35. Qe2 Qb3 36. Qc2 {[%emt 0:01:52] [#]} ({Reject} 36. Qe8+ Kh7 37. Qe2 (37. Qxf7 $2 Qxb2 38. g4 hxg4 $19) 37... b4 38. cxb4 Bxb2 $17) (36. Ng2 $11 {keeps the balance.}) 36... b4 $1 $17 37. Qc1 {[%emt 0:21:49] White does not recover from this.} ({Avoid the trap} 37. Qxb3 $2 cxb3 38. cxb4 Bxb2) (37. cxb4 $17 {was called for.} Qxb4 38. Ng2) 37... bxc3 $19 38. bxc3 Bxc3 39. Nc2 Bf6 40. Qd1 h4 {[%emt 0:01:27][%cal Bh5h4,Bh4h3][%mdl 32] [#] White must now prevent ...h3.} 41. Ke2 $2 (41. Kg2) 41... h3 42. Ne3 Qb2+ 43. Qc2 (43. Nc2 $142) 43... c3 {[%emt 0:00:16] ( -> ...Bd4). Black is clearly winning.} 44. Kd1 Bd4 45. Nd5 Qa1+ 46. Ke2 Qa6+ 47. Ke1 {[%emt 0:00:21][%mdl 32768] Weighted Error Value: White=0.41/Black=0.09 (flawless) . An unexpected result.} 1/2-1/2

[Event "Marcel Invitational Chess-ch 2022"]
[Site "Dhaka"]
[Date "2022.04.20"]
[Round "2.5"]
[White "Md, Sariatullah"]
[Black "Ahmed, Sheikh Nasir"]
[Result "0-1"]
[ECO "A36"]
[WhiteElo "1990"]
[BlackElo "2168"]
[Annotator "TA"]
[PlyCount "76"]
[EventDate "2022.04.18"]
[EventCountry "BAN"]
[SourceTitle "playchess.com"]
[Source "ChessBase"]
[SourceQuality "1"]
[TimeControl "5400+30"]

1. e4 c5 2. c4 Nc6 3. Nc3 g6 4. g3 Bg7 5. Bg2 e6 6. Nge2 Nd4 7. O-O Ne7 8. d3 O-O 9. Be3 d6 10. f4 {[%emt 0:02:50] A36: Symmetrical English vs ...g6: 4 Bg2 Bg7.} Rb8 11. Bf2 Nec6 12. Nxd4 {[%emt 0:06:32] The position is equal.} Nxd4 13. Ne2 {[%emt 0:00:12] [#]} Nxe2+ $146 ({Predecessor:} 13... b6 14. Nxd4 cxd4 15. b4 Bb7 16. Qb3 Qd7 17. Qb2 e5 18. Qb3 Kh8 19. a4 f5 {½-½ (48) Martinez Miura,E (1660)-Cruz Gonzalez,A (1817) Madrid 2017}) 14. Qxe2 b5 15. Rab1 Qa5 16. b3 Rd8 17. Rbd1 Qb6 18. Be3 a5 19. Qf2 Qc7 20. d4 (20. e5 $11 {remains equal.}) 20... bxc4 $17 {[%emt 0:01:24] White is now going downhill.} 21. bxc4 cxd4 22. Bxd4 Qxc4 23. Bxg7 Kxg7 24. Rc1 Qb4 25. Qf3 (25. Rc2 $17 {was worth a try.}) 25... Bb7 26. Rfd1 d5 27. f5 (27. Rb1 $17 {was called for.} dxe4 28. Rxb4 exf3 29. Rxd8 Rxd8 30. Rxb7 fxg2 31. Rb2) 27... dxe4 $19 28. f6+ Kg8 29. Qf4 Rxd1+ 30. Rxd1 Qb6+ 31. Kh1 Rd8 32. Rc1 (32. Rf1 $142 Qb4 33. a3) 32... Qd6 (32... Qb2 $142 {[%cal Oe4e3] ( -> ...e3!)} 33. Qc7 {[#]} Qd2 $1) 33. Qh6 {[%emt 1:02:25][%csl Gf6][%cal Rh6g7] [#]} Qf8 {[%emt 0:00:06] Against Qg7+} 34. Qf4 h6 {[%emt 0:04:47] White must now prevent ...g5.} 35. Bxe4 $2 (35. h4) 35... Rd4 {[%emt 0:03:22] Black is clearly winning.} 36. Bxb7 Rxf4 37. gxf4 Qd6 38. f5 exf5 {[%emt 0:01:54] Weighted Error Value: White=0.64/Black=0.12 (very precise)} 0-1

[Event "Marcel Invitational Chess-ch 2022"]
[Site "Dhaka"]
[Date "2022.04.20"]
[Round "2.6"]
[White "Manon, Reja Neer"]
[Black "ariful, Amin"]
[Result "1-0"]
[ECO "B00"]
[WhiteElo "2209"]
[BlackElo "2014"]
[Annotator "TA"]
[PlyCount "73"]
[EventDate "2022.04.18"]
[EventCountry "BAN"]
[SourceTitle "playchess.com"]
[Source "ChessBase"]
[SourceQuality "1"]
[TimeControl "5400+30"]

1. e4 e6 2. d4 b6 3. Bd3 Bb7 4. Be3 Nf6 5. Nd2 Be7 6. Ne2 {[%emt 0:03:04] B00: Queen's Fianchetto Defence, Nimzowitsch Defence.} d6 {[%emt 0:03:21] [#]} 7. c4 $146 ({Predecessor:} 7. f3 Nbd7 8. O-O O-O 9. Qe1 c5 10. c3 Rc8 11. Rc1 cxd4 12. cxd4 Rxc1 13. Qxc1 {0-1 (69) Rigo,M (1882)-Rigo,G (2063) Arco 2007}) 7... Nbd7 (7... Ng4 $11) 8. h3 {[%emt 0:01:21] White is slightly better.} c5 9. d5 O-O 10. O-O e5 ({Black should try} 10... Ne5 $14 11. Qb1 Nxd3 12. Qxd3 a6) 11. g4 h6 12. Ng3 Nh7 13. Nf5 Re8 14. Kg2 {[%emt 0:02:51] &Bianco is much more active. The black rooks are badly placed.} (14. Bc2 $16) 14... Ndf8 $14 15. Rh1 Ng6 $1 {[%emt 0:00:54] Against h4} 16. Nf3 Bc8 17. Bc2 ({Don't go for} 17. Bxh6 $2 gxh6 18. Nxh6+ Kg7 19. Nf5+ Bxf5 20. gxf5 Nf4+ 21. Kf1 Rh8 $19) 17... Bd7 18. Ba4 (18. Qd2 $14) 18... a6 (18... Bxa4 $142 19. Qxa4 Nf4+ 20. Bxf4 exf4) 19. Bxd7 $11 Qxd7 20. h4 Bf8 $1 21. g5 $36 {[%emt 0:06:35][%cal Rg5h6,Bg4g5,Bg5g6][%mdl 2080] White has some pressure.} h5 22. Nd2 (22. Qd2 $14) 22... Ne7 $2 {[%emt 0:23:33] [#] Black cannot hold the game after this.} (22... Nf4+ $1 $11 {and Black stays safe.} 23. Kf1 (23. Bxf4 exf4 24. Qxh5 g6 $15) 23... g6) 23. Nxe7+ $18 ({Weaker is} 23. Qxh5 Nxf5 24. exf5 Qxf5 $14) 23... Bxe7 24. Qxh5 f5 (24... b5 {was called for.} 25. Raf1 Nf8) 25. g6 Nf6 26. Qxf5 Qxf5 27. exf5 {[%emt 0:00:08] Hoping for h5.} Nh5 $2 (27... Rf8 28. Bg5 Rae8) 28. Bg5 Ra7 29. Kf3 Rf8 30. Kg4 Nf6+ 31. Bxf6 Bxf6 32. Ne4 Be7 33. h5 b5 34. h6 {[%emt 0:00:31] White mates.} Bf6 35. hxg7 Bxg7 36. Rh7 bxc4 37. f6 {[%emt 0:19:45] Weighted Error Value: White=0.21 (precise) /Black=0.77} (37. Rah1 $142 Raa8 38. Kg5 Rxf5+ 39. Kxf5 Rf8+ 40. Kg5 Rf3 {[#]} 41. Rxg7+ $1 Kxg7 42. Rh7+ Kg8 43. Nf6+ Rxf6 44. Kxf6 a5 45. Ra7 Kh8 46. Ra8#) 1-0

[Event "Marcel Invitational Chess-ch 2022"]
[Site "Dhaka"]
[Date "2022.04.21"]
[Round "3.1"]
[White "Mohammad, Javed"]
[Black "Anata, Choudhury"]
[Result "1/2-1/2"]
[ECO "E11"]
[WhiteElo "2046"]
[BlackElo "2170"]
[Annotator "TA"]
[PlyCount "75"]
[EventDate "2022.04.18"]
[EventCountry "BAN"]
[SourceTitle "playchess.com"]
[Source "ChessBase"]
[SourceQuality "1"]
[TimeControl "5400+30"]

1. d4 Nf6 2. c4 e6 3. Nf3 d5 4. g3 Bb4+ 5. Bd2 a5 6. Bg2 O-O 7. O-O {[%emt 0:00:40] 7.Qc2 injects fresh life into this line.} dxc4 {[%emt 0:00:27] E11: Bogo-Indian.} 8. Qc2 Bxd2 9. Nbxd2 b5 $1 10. a4 c6 11. b3 cxb3 12. Nxb3 Ba6 13. Nc5 bxa4 (13... b4 $15) 14. Nxa6 $11 ({Much weaker is} 14. Rxa4 Bb5 15. Ra3 Na6 $11) 14... Rxa6 15. Rxa4 Nbd7 16. Rfa1 Qb6 {[%emt 0:03:43] [#]} 17. e4 $146 ({Predecessor:} 17. Nd2 Rfa8 18. e3 {½-½ (18) Starostits,I (2457)-Valenzuela Gomez,F (2378) Seville 2021}) 17... e5 (17... Rb8 $11) 18. Bh3 (18. Nxe5 $14 Nxe5 19. dxe5) 18... Re8 $1 19. Rb1 Qa7 20. Bf1 {[%emt 0:05:23] aiming for Nxe5.} (20. Nxe5 {is more complex.} Nxe5 21. dxe5 Rxe5 22. Qd3) 20... Rb6 21. Rba1 exd4 22. Nxd4 c5 ({Don't do} 22... Rxe4 {[#]} 23. Rxa5 $1 Qc7 24. Ra7 $1 $16) 23. Nf5 g6 24. Ne3 Qc7 (24... Rb4 $11) 25. Rxa5 $14 Rb4 (25... Nxe4 $2 26. Nd5 Qe5 27. Nxb6 Nxb6 28. Re1 $18) 26. Nd5 Nxd5 27. exd5 Qe5 28. Ra7 {[%emt 0:02:28] [#]} (28. Rd1 $11) 28... Rb2 $1 29. Qa4 (29. Qc1 Qf6) 29... Qf5 30. Qf4 Qxf4 (30... Qxd5 $2 31. Bc4 g5 32. Bxd5 $18) 31. gxf4 Nf6 32. d6 {[%emt 0:00:53] Strongly threatening Bc4.} Rd2 33. Bc4 Rf8 34. Rxf7 $2 Rxf7 $19 35. Ra7 Rxd6 $2 36. Rxf7 $11 {[%emt 0:00:14] The position is equal.} Nd5 37. Rc7 Kh8 38. Rxc5 {[%emt 0:01:02] Weighted Error Value: White=0.36/Black=0.26 (precise)} 1/2-1/2